 Dungeon Crawl Stone Soup version 0.30-a0-965-g42e074c17a (webtiles) character file.

Game seed: 17042929101659298759

88 billz999 the Gusty (level 4, -4/24 HPs)
             Began as a Tengu Air Elementalist on Mar 30, 2023.
             Slain by Grinder (5 damage)
             ... on level 3 of the Dungeon.
             The game lasted 00:05:02 (2919 turns).

billz999 the Gusty (Tengu Air Elementalist)         Turns: 2919, Time: 00:05:03

Health: -4/24      AC:  2    Str:  8    XL:     4   Next: 54%
Magic:  2/8        EV: 17    Int: 18    God:
Gold:   198        SH:  0    Dex: 14    Spells: 1/7 levels left

rFire   + . .      SeeInvis .    o - +1 dagger (venom)
rCold   + . .      Faith    .    (no shield)
rNeg    . . .      Spirit   .    a - +0 robe
rPois   .          Reflect  .    (helmet restricted)
rElec   .          Rampage  .    j - scarf {rC+ rF+}
rCorr   .                        (no gloves)
Will    .....                    (boots unavailable)
Stlth   ++                       (no amulet)
HPRegen 0.24/turn                l - +5 ring of evasion
MPRegen 0.11/turn                (no ring)

@: no status effects
A: beak, talons 3
a: no special abilities


You were on level 3 of the Dungeon.
You visited 1 branch of the dungeon, and saw 3 of its levels.

You collected 198 gold pieces.

Inventory:

Hand Weapons
 o - a +1 dagger of venom (weapon)
 p - a +0 shortbow
Armour
 a - a +0 robe (worn)
 h - a +0 cloak
 j - a scarf of resistance (worn)
Jewellery
 l - a +5 ring of evasion (left hand)
Scrolls
 c - a scroll of enchant armour {unknown}
 d - 3 scrolls of fog {unknown}
 e - 2 scrolls of identify {unknown}
 i - a scroll of torment {unknown}
Potions
 b - a potion of magic
 f - a potion of degeneration {unknown}
 g - 2 potions of attraction {unknown}
 k - 3 potions of heal wounds {unknown}
 m - a potion of curing {unknown}
 n - a potion of mutation {unknown}
 q - a potion of ambrosia {unknown}


   Skills:
 - Level 2.1 Dodging
 - Level 2.0 Stealth
 - Level 2.0 Spellcasting
 - Level 4.0 Conjurations
 + Level 5.6 Air Magic


You had one spell level left.
You knew the following spells:

 Your Spells              Type           Power      Damage    Failure   Level
a - Shock                 Conj/Air       76%        1d7       2%          1
b - Static Discharge      Conj/Air       38%        2-4/arc   3%          2
c - Swiftness             Air            22%        N/A       5%          3

Your spell library contained the following spells:

 Spells                   Type           Power      Damage    Failure   Level
 Airstrike                Air            11%        2d(2-18)  17%         4
 Gell's Gravitas          Tloc           1%         N/A       47%         3
 Teleport Other           Tloc           1%         N/A       47%         3
 Dispersal                Tloc           0%         N/A       100%        6


Dungeon Overview and Level Annotations

Branches:
Dungeon (3/15)

Altars:

Annotations:
D:3 Grinder


Innate Abilities, Weirdness & Mutations

You have a beak for a mouth.
You have claws for feet.


Message History

Found a dagger.
You start resting.
Grinder is nearby!
Casting: Shock (safe; 2% risk of failure)
Confirm with . or Enter, or press ? or * to list all spells.
Aiming: Shock (safe; 2% risk of failure)
Press: ? - help, Shift-Dir - straight line, p - Grinder You miscast Shock.
You are very lightly contaminated with residual magic.
Nothing appears to happen.
Unknown command.
Casting: Shock (safe; 2% risk of failure)
Confirm with . or Enter, or press ? or * to list all spells.
Aiming: Shock (safe; 2% risk of failure)
Press: ? - help, Shift-Dir - straight line The zap hits Grinder.
Grinder is lightly wounded.
Unknown command.
Casting: Shock (safe; 2% risk of failure)
Confirm with . or Enter, or press ? or * to list all spells.
Grinder is struck by an arc of lightning.
Grinder is lightly wounded.
You are struck by an arc of lightning.
The lightning grounds out.
Grinder hits you.
You writhe in agony.
Unknown command.
Casting: Static Discharge (safe; 3% risk of failure)
Confirm with . or Enter, or press ? or * to list all spells.
Grinder is struck by an arc of lightning.
Grinder is moderately wounded.
You are struck by an arc of lightning.
Grinder is struck by an arc of lightning.
Grinder is moderately wounded.
The lightning grounds out.
Grinder hits you!
* * * LOW HITPOINT WARNING * * *
Grinder attacks as you move away! Grinder misses you.
Your magical contamination has completely faded away.
Grinder attacks as you move away! Grinder hits you.
* * * LOW HITPOINT WARNING * * *
You writhe in agony.
You die...

#.### #!.)..#######.##.........
#.# #....)........########... #.#
#.....#...####### #.## #.#
#....)#.#.#####.## #.# #.#
#.#...#...##...#####<# #.#
#...#####.#........).# #.#
#.#...#...##...######## #.#
#.###5#.#####.## #
###.#######.....@.# #.# #
...#.........##...# #.###### #
.##.###...........# #......# ##
.##.###.###..##...##########.# #.
.##.#................# #.# #.
.##.#.#.#.#..........# #.# #.
.##...#...#..........# #.###.
.###..#>#####.......## #.#.#.
....(.....#.....†....#######..#..


You could see Grinder.

Vanquished Creatures
  2 adders
  3 worms
  4 dart slugs
  5 endoplasms
  2 giant cockroaches
  6 goblins
  3 hobgoblins (D:2)
  3 jackals (D:3)
  2 quokkas (D:1)
  2 ball pythons (D:1)
  3 bats
  3 frilled lizards
  8 kobolds
  7 rats
53 creatures vanquished.

Notes
Turn   | Place    | Note
-------+----------+-------------------------------------------
     0 | D:1      | billz999 the Tengu Air Elementalist began the quest for the
                  | Orb.
     0 | D:1      | Reached XP level 1. HP: 10/10 MP: 4/4
   323 | D:1      | Reached XP level 2. HP: 15/15 MP: 3/6
   879 | D:1      | Reached XP level 3. HP: 19/19 MP: 5/7
  1066 | D:2      | Learned a level 2 spell: Static Discharge
  1070 | D:2      | Learned a level 3 spell: Swiftness
  1855 | D:2      | Reached skill level 5 in Air Magic
  1855 | D:2      | Reached XP level 4. HP: 24/24 MP: 2/8
  2907 | D:3      | Noticed Grinder
  2919 | D:3      | HP: 1/24 [Grinder (6)]
  2919 | D:3      | Slain by Grinder

Illustrated notes

Levels and vault maps discovered:
D:1:      dpeg_arrival_water_fire, layout_basic, chequers_mini_garden,
          interstate_on_off
D:2:      layout_loops_cross
D:3:      layout_loops_ring, chequers_serial_rivers_large_b, glass_columns_c,
          chequers_jeans, uniq_grinder

Skill      XL: |  1  2  3 |
---------------+----------+-----
Conjurations   | 2 3 4 |  4.0
Air Magic      | 5 |  5.6
Dodging        | |  2.1
Stealth        | |  2.0
Spellcasting   | |  2.0

Action                     |  1- 3 |  4- 6 || total
---------------------------+-------+-------++-------
   Cast: Shock             |    82 |    32 ||   114
         Static Discharge  |       |     3 ||     3
  Dodge: Dodged            |     6 |     5 ||    11

Table legend: (Time is in decaauts)
 A = Elapsed time spent in this place.
 B = Non-inter-level travel time spent in this place.
 C = Inter-level travel time spent in this place.
 D = Time resting spent in this place.
 E = Time spent auto-exploring this place.
 F = Levels seen in this place.
 G = Mean time per level.
                   A        B        C        D        E       F      G
               +--------+--------+--------+--------+--------+-----+--------+
         Total |   2950 |   2835 |    115 |    238 |   2314 |   3 |  983.3 |
       Dungeon |   2950 |   2835 |    115 |    238 |   2314 |   3 |  983.3 |
               +--------+--------+--------+--------+--------+-----+--------+

Top non-repeatable levels by time:
     D:2: 1051 daAuts
     D:1: 1020 daAuts
     D:3: 878 daAuts
